[Event "Late-Titled-Tuesday-Blitz-April-30-2024"]
[Site "Chess.com"]
[Date "2024.04.30"]
[Round "5"]
[White "Jospem"]
[Black "Sanan_Sjugirov"]
[Result "1-0"]
[WhiteElo "3126"]
[BlackElo "3008"]
[TimeControl "180+1"]
[EndTime "14:56:41 PDT"]
[Termination "Jospem won by resignation"]

1. e4 c6 2. d4 d5 3. e5 Bf5 4. h4 Qc8 5. Bd3 Bxd3 6. cxd3 e6 7. Nf3 Ne7 8. Nc3 h6 9. h5 c5 10. dxc5 Qxc5 11. d4 Qa5 12. O-O Nec6 13. a3 a6 14. Ne2 Nd7 15. Nf4 Be7 16. Be3 Qb5 17. b3 a5 18. Nd2 a4 19. b4 Bg5 20. Nh3 Bxe3 21. fxe3 Qd3 22. Rf3 g5 23. Nf2 Qb5 24. Rc1 Ne7 25. e4 Qb6 26. exd5 exd5 27. Nf1 O-O 28. Ne3 f5 29. Qd3 f4 30. Neg4 Qe6 31. Qb5 Nc6 32. Rd3 Rab8 33. Qxa4 Nb6 34. Qc2 Nc4 35. Rdd1 Kg7 36.
b5 Ne7 37. Qc3 Nf5 38. Re1 Ng3 39. Qf3 Nxh5 40. Rxc4 dxc4 41. d5 Qf5 42. e6 Nf6 43. d6 Nxg4 44. Nxg4 Qc5+ 45. Kh2 Qxd6 46. Qc3+ Kg6 47.
Ne5+ Kf5 48. Qc2+ Kf6 49. Qg6+ Ke7 50. Qg7+ Ke8 51. Nxc4 Qe7 52. Qg6+ Kd8 53. Rd1+ Kc7 54. Rd7+ Qxd7 55. exd7 Kxd7 56. Qd6+ 1-0

[Event "Late-Titled-Tuesday-Blitz-April-30-2024"]
[Site "Chess.com"]
[Date "2024.04.30"]
[Round "5"]
[White "IlanSchnaider"]
[Black "cthulhuuu"]
[Result "1-0"]
[WhiteElo "2745"]
[BlackElo "2467"]
[TimeControl "180+1"]
[EndTime "14:56:41 PDT"]
[Termination "IlanSchnaider won on time"]

1. e4 d6 2. d4 Nf6 3. Nc3 c6 4. f4 Qb6 5. e5 Nd5 6. Nxd5 cxd5 7. Nf3 Bg4 8. c3 Nc6 9. Be2 e6 10. O-O Bxf3 11. Bxf3 dxe5 12. fxe5 Nxe5 13. Bxd5 exd5 14.
Re1 f6 15. Kh1 O-O-O 16. dxe5 fxe5 17. Rxe5 d4 18. Bf4 Bd6 19. Re6 Rhf8 20. Bg5 Rde8 21. Rxe8+ Rxe8 22. cxd4 Qxb2 23. Rb1 Qxa2 24. h3 Qd5 25.
Qg4+ Kb8 26. Qd7 Qb5 27. Qxb5 1-0

[Event "Late-Titled-Tuesday-Blitz-April-30-2024"]
[Site "Chess.com"]
[Date "2024.04.30"]
[Round "5"]
[White "Hikaru"]
[Black "SHIVACalypso"]
[Result "1-0"]
[WhiteElo "3200"]
[BlackElo "2524"]
[TimeControl "180+1"]
[EndTime "14:56:41 PDT"]
[Termination "Hikaru won by resignation"]

1. h4 h5 2. Nh3 d5 3. g3 c5 4.
c3 Nc6 5. d4 Bf5 6. Nf4 e6 7. Bg2 cxd4 8. cxd4 Nf6 9. O-O Bd6 10.
Nc3 a6 11. a3 Rc8 12. e3 Ne7 13.
Bd2 Ng6 14. Nxg6 Bxg6 15. Qb3 Qd7 16. Rac1 O-O 17. Na4 Qb5 18. Qxb5 axb5 19. Nc5 Bxc5 20. dxc5 Be4 21. f3 Bd3 22. Rfd1 Bc4 23. Bb4 Rc6 24. Rc3 d4 25. Rxd4 Nd5 26. f4 Nxc3 27. bxc3 Bd5 28.
e4 Bc4 29. a4 Ra8 30. a5 Rc7 31. e5 g6 32. Rd6 Kg7 33. Kf2 Ra6 34. Rb6 Bd5 35.
Bxd5 exd5 36. Ke3 Rxb6 37. cxb6 Rc6 38. Kd4 f6 39. Bc5 Kf7 40. a6 Rxb6 41. Bxb6 bxa6 42. Kxd5 fxe5 43. fxe5 Ke8 44. e6 1-0

[Event "Late-Titled-Tuesday-Blitz-April-30-2024"]
[Site "Chess.com"]
[Date "2024.04.30"]
[Round "5"]
[White "Djager97"]
[Black "sassassasss"]
[Result "1-0"]
[WhiteElo "2569"]
[BlackElo "2389"]
[TimeControl "180+1"]
[EndTime "14:56:41 PDT"]
[Termination "Djager97 won by checkmate"]

1. e4 Nc6 2. Nf3 d6 3. d4 Nf6 4.
Nc3 Bg4 5. Be3 a6 6. h3 Bh5 7.
d5 Ne5 8. g4 Nxf3+ 9. Qxf3 Bg6 10. O-O-O Qc8 11. Bd3 e5 12. dxe6 fxe6 13. h4 Nd7 14. h5 Bf7 15. Qg3 Be7 16. g5 Ne5 17. g6 Nxd3+ 18. cxd3 Bg8 19. h6 hxg6 20. Qxg6+ Bf7 21.
hxg7 Rg8 22. Qg3 Kd7 23. d4 Bf6 24. Bh6 e5 25. dxe5 Be7 26. exd6 cxd6 27. e5 Qc6 28.
exd6 Bf6 29. Rhe1 Rac8 30. Qg4+ Kd8 31. Bg5 Bxg5+ 32. Qxg5+ Kd7 33. Qe7# 1-0

[Event "Late-Titled-Tuesday-Blitz-April-30-2024"]
[Site "Chess.com"]
[Date "2024.04.30"]
[Round "5"]
[White "IMRosen"]
[Black "MFatigue"]
[Result "1-0"]
[WhiteElo "2688"]
[BlackElo "2487"]
[TimeControl "180+1"]
[EndTime "14:56:43 PDT"]
[Termination "IMRosen won by resignation"]

1. d4 d5 2. Bf4 Nf6 3. e3 e6 4. Nf3 c5 5. c3 Bd6 6. Nbd2 O-O 7. Bg3 Qc7 8. dxc5 Qxc5 9. Bd3 Qc7 10.
e4 e5 11. O-O Re8 12. Re1 Bg4 13. Qc2 h6 14. exd5 Nxd5 15. h3 Bh5 16. Nh4 Nc6 17. Nc4 Nf4 18. Nxd6 Qxd6 19. Be4 Rad8 20. Nf5 Qf6 21.
Bh4 g5 22. Bg3 b6 23. Re3 Ne7 24. Nxe7+ Rxe7 25. Rae1 Rde8 26. Qa4 Bg6 27. Bc6 Rc8 28. Bf3 Nd3 29. R1e2 Nc5 30. Qb4 Rd8 31. Bxe5 Rd1+ 32.
Kh2 Qf5 33. Qg4 Qb1 34. Qc8+ 1-0

[Event "Late-Titled-Tuesday-Blitz-April-30-2024"]
[Site "Chess.com"]
[Date "2024.04.30"]
[Round "5"]
[White "Godzillator"]
[Black "FMalexhdez"]
[Result "1/2-1/2"]
[WhiteElo "2405"]
[BlackElo "2255"]
[TimeControl "180+1"]
[EndTime "14:56:43 PDT"]
[Termination "Game drawn - insufficient material"]

1. e4 c5 2. Nc3 d6 3. g3 Nc6 4. Bg2 g6 5. Nge2 Bg7 6. O-O e6 7. f4 Nge7 8. d3 f5 9. Be3 Nd4 10. Kh1 O-O 11. exf5 Nexf5 12. Bg1 Rb8 13. Nxd4 cxd4 14.
Ne4 Ne3 15. Bxe3 dxe3 16. c3 Qb6 17. Qe2 Bd7 18. Rae1 Bc6 19. Ng5 Rbe8 20. Bxc6 Qxc6+ 21. Qg2 h6 22. Qxc6 bxc6 23. Nf3 e5 24. fxe5 Bxe5 25.
Nxe5 Rxf1+ 26. Rxf1 Rxe5 27. Kg2 Ra5 28. a3 Rb5 29. b4 a5 30. Kf3 axb4 31. axb4 c5 32.
bxc5 Rxc5 33. Kxe3 Rxc3 34. Rf2 Kg7 35. Ke4 Rc5 36.
d4 Rg5 37. Kd3 h5 38. Kc4 Ra5 39. Kb4 Rd5 40. Rf4 g5 41. Re4 Kf6 42. Kc4 Rf5 43. d5 Rf2 44. Re6+ Kf5 45. Rxd6 Rxh2 46. Rh6 Kg4 47.
Kc3 Rh3 48. d6 Rxg3+ 49. Kc4 Rg1 50. Kc5 Rd1 51. Kc6 h4 52. d7 Rxd7 53. Kxd7 Kg3 54. Ke6 g4 55. Kf5 h3 56. Rg6 h2 57. Rxg4+ Kf3 58.
Rh4 Kg2 59. Kg4 h1=Q 60. Rxh1 Kxh1 1/2-1/2

[Event "Late-Titled-Tuesday-Blitz-April-30-2024"]
[Site "Chess.com"]
[Date "2024.04.30"]
[Round "5"]
[White "nicolasbatista3"]
[Black "hammahamma"]
[Result "1-0"]
[WhiteElo "2432"]
[BlackElo "2273"]
[TimeControl "180+1"]
[EndTime "14:56:44 PDT"]
[Termination "nicolasbatista3 won by checkmate"]

1. d4 d5 2. c4 dxc4 3. e3 e5 4. Bxc4 exd4 5. exd4 Nf6 6. Ne2 Bd6 7. Nbc3 a6 8. Bg5 h6 9. Bh4 O-O 10. Qd2 Nc6 11. Bg3 Bf5 12. O-O b5 13. Bb3 Na5 14.
Rfd1 Nxb3 15. axb3 Bxg3 16. Nxg3 Bg6 17. Nce2 Qd6 18. Nf4 Bh7 19. Rac1 Rfe8 20. h3 Ne4 21. Nxe4 Rxe4 22. Nh5 Rd8 23. d5 Qe5 24. Ng3 Rf4 25.
Re1 Qd4 26. Qxd4 Rxd4 27. Rxc7 R4xd5 28. Ree7 Bg6 29. h4 h5 30. Rc6 Rd1+ 31. Kh2 R1d2 32. Ne2 Rxb2 33. Nf4 Rdd2 34. Nxg6 Rxf2 35. Re8+ Kh7 36.
Rh8# 1-0

[Event "Late-Titled-Tuesday-Blitz-April-30-2024"]
[Site "Chess.com"]
[Date "2024.04.30"]
[Round "5"]
[White "egnfanclub"]
[Black "TheMagician"]
[Result "1-0"]
[WhiteElo "2368"]
[BlackElo "2126"]
[TimeControl "180+1"]
[EndTime "14:56:45 PDT"]
[Termination "egnfanclub won on time"]

1. e4 e5 2. Nf3 Nc6 3. Bc4 Be7 4. d4 exd4 5. c3 d6 6. Qb3 Na5 7.
Bxf7+ Kf8 8. Qa4 Kxf7 9. Qxa5 dxc3 10. Nxc3 Nf6 11. Ng5+ Kg6 12. h4 c6 13. Qa4 h6 14.
Nf3 Kh7 15. Be3 Ng4 16. O-O-O Nxe3 17. fxe3 b5 18. Qd4 Qb6 19. h5 Rf8 20. e5 Qxd4 21. exd4 Bg4 22. Rdf1 Bxf3 23. Rxf3 Rxf3 24. gxf3 d5 25.
Kd2 Bb4 26. Ke3 Bxc3 27. bxc3 g5 28. hxg6+ Kxg6 29. f4 Rh8 30. Kf3 h5 31. Rg1+ Kf5 32. Rg5+ Ke6 33. f5+ Kf7 34. e6+ Kf6 35. Kf4 h4 36.
Rg6+ Ke7 37. Ke5 h3 38. f6+ Kf8 39. e7+ Ke8 40. Ke6 1-0

[Event "Late-Titled-Tuesday-Blitz-April-30-2024"]
[Site "Chess.com"]
[Date "2024.04.30"]
[Round "5"]
[White "Big_Finky"]
[Black "brother-bear"]
[Result "0-1"]
[WhiteElo "2256"]
[BlackElo "2059"]
[TimeControl "180+1"]
[EndTime "14:56:45 PDT"]
[Termination "brother-bear won on time"]

1. d4 g6 2. e4 Bg7 3. Nf3 d6 4.
Bc4 Nf6 5. Nc3 O-O 6. O-O c6 7. h3 b5 8. Bd3 Bb7 9. Re1 b4 10. Ne2 Nbd7 11. e5 dxe5 12. dxe5 Nd5 13. e6 fxe6 14.
Ned4 Nc5 15. Nxe6 Nxe6 16. Rxe6 Qd7 17. Ng5 Rf6 18. Qg4 Bc8 19. Rxf6 exf6 20. Qxd7 Bxd7 21.
Ne4 Re8 22. Bd2 a5 23. Nc5 Bc8 24. a3 f5 25. axb4 axb4 26. Ra7 Bd4 27. Na6 Bxa7 0-1

[Event "Late-Titled-Tuesday-Blitz-April-30-2024"]
[Site "Chess.com"]
[Date "2024.04.30"]
[Round "5"]
[White "GianmarcoVaR"]
[Black "HansOnTwitch"]
[Result "0-1"]
[WhiteElo "2731"]
[BlackElo "3194"]
[TimeControl "180+1"]
[EndTime "14:56:49 PDT"]
[Termination "HansOnTwitch won by resignation"]

1. e4 c5 2. Nf3 d6 3. Bb5+ Nd7 4. a4 a6 5. Be2 Ngf6 6. Nc3 g6 7. O-O Bg7 8. a5 O-O 9. d3 b5 10. axb6 Bb7 11.
Qd2 h6 12. Qf4 Qxb6 13. Qh4 g5 14. Qg3 Bc8 15. Ne1 Ne5 16. f4 gxf4 17. Rxf4 Ng6 18. Rxf6 exf6 19. Nd5 Qd8 20. Bh5 Kh7 21. Nf3 Be6 22. Nf4 Nxf4 23. Bxf4 d5 24. e5 Rg8 25. Qf2 fxe5 26. Bxe5 Bxe5 27. Nxe5 Qg5 28. Bxf7 Qxe5 29. Re1 Qxe1+ 30. Qxe1 Bxf7 31. Qe7 Rg7 32. Qxc5 Re8 33. Kf2 Re5 34. Qc8 Bh5 35. g3 Re2+ 36. Kg1 Rf7 37. h3 Re1+ 38. Kg2 Bf3+ 0-1

[Event "Late-Titled-Tuesday-Blitz-April-30-2024"]
[Site "Chess.com"]
[Date "2024.04.30"]
[Round "5"]
[White "Statham_01"]
[Black "Individoom"]
[Result "1-0"]
[WhiteElo "2611"]
[BlackElo "2775"]
[TimeControl "180+1"]
[EndTime "14:56:51 PDT"]
[Termination "Statham_01 won by resignation"]

1. e4 e6 2. d4 d5 3. Bd3 dxe4 4. Bxe4 Nf6 5. Bf3 c5 6. Ne2 Nc6 7. Be3 cxd4 8. Nxd4 Ne5 9. Nc3 Be7 10. Qe2 a6 11. O-O-O Qc7 12. Kb1 Nxf3 13. Qxf3 O-O 14. g4 Bb4 15. g5 Nd7 16. Ne4 Kh8 17. h4 b5 18. h5 Bb7 19. g6 Ne5 20. Qg2 h6 21. Bxh6 f5 22. Nxe6 Bxe4 23. Qg5 Qxc2+ 24. Ka1 Bc3 25.
Bxg7+ Kg8 26. Rb1 Bxh1 27. Qh6 Bxb2+ 28. Rxb2 Qc1+ 29. Qxc1 Rfc8 30. Qh6 Nxg6 31. hxg6 Rc1+ 32. Qxc1 1-0

[Event "Late-Titled-Tuesday-Blitz-April-30-2024"]
[Site "Chess.com"]
[Date "2024.04.30"]
[Round "5"]
[White "stasOR4ik"]
[Black "Naoki"]
[Result "1-0"]
[WhiteElo "2474"]
[BlackElo "2606"]
[TimeControl "180+1"]
[EndTime "14:56:51 PDT"]
[Termination "stasOR4ik won by checkmate"]

1. e4 e5 2. Nf3 Nc6 3. Bb5 a6 4.
Ba4 Nf6 5. O-O Be7 6. c3 O-O 7. Re1 b5 8. Bc2 d6 9. h3 Nb8 10. a4 Bb7 11. axb5 axb5 12. Rxa8 Bxa8 13. d4 Nbd7 14. Nbd2 Bb7 15. Nf1 Qa8 16. Ng3 Re8 17. dxe5 dxe5 18. Bb3 h6 19. Bxf7+ Kxf7 20. Qb3+ Kg6 21.
Nh4+ Kh7 22. Qf7 Nxe4 23. Bxh6 Bf6 24. Qg6+ Kh8 25. Ngf5 Rg8 26. Bc1 Qe8 27. Qg4 Qf7 28.
Ng6+ Kh7 29. Qh5# 1-0

[Event "Late-Titled-Tuesday-Blitz-April-30-2024"]
[Site "Chess.com"]
[Date "2024.04.30"]
[Round "5"]
[White "penguingm1"]
[Black "ChristopherYoo"]
[Result "1-0"]
[WhiteElo "2876"]
[BlackElo "3017"]
[TimeControl "180+1"]
[EndTime "14:56:52 PDT"]
[Termination "penguingm1 won on time"]

1. d4 d5 2. Nf3 Nf6 3. Bf4 c5 4. e3 Bg4 5. Nbd2 cxd4 6. exd4 Nc6 7. c3 e6 8. Qb3 Bd6 9. Qxb7 Bxf4 10. Qxc6+ Kf8 11. g3 Bxd2+ 12. Nxd2 Rb8 13. Qc5+ Qe7 14. f3 Bf5 15. b4 Ne8 16. Nb3 Nd6 17. Na5 Rc8 18. Nc6 Qc7 19. Nxa7 Qxc5 20. dxc5 Ra8 21. Nc6 Nc4 22. a4 g5 23. a5 Kg7 24. Bxc4 dxc4 25.
Kf2 Rhc8 26. b5 e5 27. Rhd1 e4 28. Rd6 exf3 29. Kxf3 Re8 30. Kf2 Bg4 31. Nd4 Re5 32. c6 Rae8 33. c7 Rc5 34. b6 Ree5 35. a6 Ra5 36.
Rxa5 Rxa5 37. b7 Ra2+ 38. Ke3 1-0

[Event "Late-Titled-Tuesday-Blitz-April-30-2024"]
[Site "Chess.com"]
[Date "2024.04.30"]
[Round "5"]
[White "BeautiFullMindChess"]
[Black "duone"]
[Result "0-1"]
[WhiteElo "2245"]
[BlackElo "2418"]
[TimeControl "180+1"]
[EndTime "14:56:54 PDT"]
[Termination "duone won on time"]

1. e4 c5 2. Nf3 d6 3. Bc4 Nf6 4.
d3 e6 5. Bb3 Be7 6. c3 d5 7. e5 Nfd7 8. d4 Nc6 9. O-O O-O 10. Re1 f6 11. exf6 Nxf6 12. Nbd2 Qc7 13. Nf1 Bd7 14. Ng3 Nd8 15. h3 Be8 16. Ng5 Qb6 17. Qe2 Bf7 18. Be3 c4 19. Bc2 h6 20.
Nxf7 Nxf7 21. b3 Nd6 22. Bf4 cxb3 23. axb3 Rfe8 24. Qxe6+ Kh8 25. Bg6 Bf8 26. Bxe8 Rxe8 27. Nf5 Rxe6 28. Rxe6 Nfe4 29. Nxd6 Nxd6 30. Be5 a6 31.
Rxh6+ Kg8 32. Re6 Qd8 33. Re1 Nf7 34. Bg3 Qa5 35. R1e3 Qa1+ 36. Kh2 Qb2 37. b4 Ng5 38. Re8 Kf7 39. f3 Ne4 40. Rb8 Nxg3 41. Rxb7+ Kg8 42.
Kxg3 Bd6+ 43. Kh4 Qf2+ 44. Kg5 Qxe3+ 0-1

[Event "Late-Titled-Tuesday-Blitz-April-30-2024"]
[Site "Chess.com"]
[Date "2024.04.30"]
[Round "5"]
[White "AlexeiShirov"]
[Black "ansko1999"]
[Result "1-0"]
[WhiteElo "2816"]
[BlackElo "2624"]
[TimeControl "180+1"]
[EndTime "14:56:55 PDT"]
[Termination "AlexeiShirov won by resignation"]

1. e4 c5 2. Nf3 Nf6 3. Nc3 d5 4. exd5 Nxd5 5. Bb5+ Bd7 6. Ne5 e6 7. Nxd7 Nxd7 8. Nxd5 exd5 9. O-O Be7 10. d4 c4 11.
Qg4 a6 12. Qxg7 Rf8 13. Bxd7+ Qxd7 14. Bf4 O-O-O 15. Qe5 Bd6 16. Qxd6 Qxd6 17. Bxd6 Rxd6 18. Rfe1 Rb6 19. b3 cxb3 20. axb3 Rb4 21. Rad1 Kd7 22. Re5 Kd6 23. Rh5 Rc8 24. Rd2 Rxb3 25. Rh6+ Kd7 26. g3 Rb1+ 27. Kg2 Rb2 28. Rxh7 Rcxc2 29. Rxf7+ Kc6 30. Rxc2+ Rxc2 31. h4 a5 32. h5 a4 33. h6 Kb6 34. Rf8 Rc7 35. g4 Kb5 36. g5 Rh7 37. Kg3 a3 38. Kg4 Kc4 39. Kh5 b5 40.
Ra8 b4 41. g6 Rb7 42. h7 b3 43. h8=Q b2 44. Qc8+ Rc7 45. Qxc7+ 1-0

[Event "Late-Titled-Tuesday-Blitz-April-30-2024"]
[Site "Chess.com"]
[Date "2024.04.30"]
[Round "5"]
[White "BeanScreen"]
[Black "Dr_Pepper18"]
[Result "1-0"]
[WhiteElo "2683"]
[BlackElo "2500"]
[TimeControl "180+1"]
[EndTime "14:56:55 PDT"]
[Termination "BeanScreen won on time"]

1. e4 e6 2. d4 d5 3. Nc3 Bb4 4. exd5 exd5 5. Bd3 Nc6 6. Nf3 Bg4 7. a3 Bxc3+ 8. bxc3 Nge7 9. h3 Bf5 10. Rb1 b6 11.
O-O O-O 12. Re1 f6 13. Bf4 Qd7 14. Qd2 Bxd3 15. cxd3 Ng6 16. Re2 Rfb8 17. Rbe1 Kf7 18.
Nh2 Re8 19. Ng4 Rxe2 20. Rxe2 Re8 21. Bg3 h5 22. Ne3 Nce7 23. Qa2 c6 24. c4 h4 25. Bh2 Nf5 26. cxd5 Nxe3 27. dxc6+ Qd5 28. fxe3 Qxa2 29. Rxa2 Rxe3 30. c7 Ne7 31. Rd2 Nc8 32. d5 Ke7 33. Kf2 1-0

[Event "Late-Titled-Tuesday-Blitz-April-30-2024"]
[Site "Chess.com"]
[Date "2024.04.30"]
[Round "5"]
[White "HipsterChess22"]
[Black "Kombinator01"]
[Result "0-1"]
[WhiteElo "2185"]
[BlackElo "2385"]
[TimeControl "180+1"]
[EndTime "14:56:55 PDT"]
[Termination "Kombinator01 won on time"]

1. d4 Nf6 2. Nc3 d5 3. Bf4 c5 4. e3 a6 5. dxc5 Nc6 6. a3 e5 7.
Bg5 d4 8. Ne4 Be7 9. Bxf6 gxf6 10. Nd6+ Bxd6 11. cxd6 Qxd6 12. Nf3 Bg4 13. Be2 Bxf3 14.
Bxf3 O-O-O 15. Bxc6 Qxc6 16. Qg4+ Kb8 17. O-O Rhg8 18.
Qh3 dxe3 19. fxe3 Rd2 20. Rf2 Rxf2 21. Kxf2 Qxc2+ 22. Kg1 Qe2 23. Rf1 Rd8 24. Qf3 Qxb2 25. Qxf6 Rd2 26. Qf3 Ka7 27. a4 Qc2 28. a5 Qc3 29.
Rb1 Rd7 30. e4 Qxa5 31. Qe3+ b6 32. Rc1 Qa4 33. Kh1 Rd1+ 0-1

[Event "Late-Titled-Tuesday-Blitz-April-30-2024"]
[Site "Chess.com"]
[Date "2024.04.30"]
[Round "5"]
[White "mbojan"]
[Black "shimastream"]
[Result "0-1"]
[WhiteElo "2948"]
[BlackElo "3037"]
[TimeControl "180+1"]
[EndTime "14:57:00 PDT"]
[Termination "shimastream won on time"]

1. a3 e5 2. e3 Nf6 3. d4 d6 4. dxe5 dxe5 5. Qxd8+ Kxd8 6. Nf3 Bd6 7. c4 a5 8. b3 Nfd7 9. Bb2 f6 10. Nc3 Nc5 11.
Nd2 Nc6 12. Nce4 Bf5 13. Nxc5 Bxc5 14. h3 h5 15. g3 Ke7 16. Bg2 Bd3 17. Ne4 Bxe4 18.
Bxe4 Nd8 19. Ke2 c6 20. Bc3 Nf7 21. b4 Nd6 22. Bd3 Ba7 23. bxa5 e4 24. Bc2 Ke6 25.
Rab1 h4 26. g4 Rhd8 27. Bb4 c5 28. Bc3 Bb8 29. Rhd1 Bc7 30. Rb3 Rdc8 31. Rxd6+ Kxd6 32. Bxe4 Bxa5 33. Bxb7 Rcb8 34. Bxa8 Rxb3 35. Bxa5 Rxa3 36. Bc3 Rxa8 37. Kd3 Ra2 38. f4 Rh2 39. g5 fxg5 40. Bxg7 Rxh3 41. fxg5 Rg3 42. Ke4 Rxg5 43. Bf6 Rg8 44.
Bxh4 Rg4+ 0-1

[Event "Late-Titled-Tuesday-Blitz-April-30-2024"]
[Site "Chess.com"]
[Date "2024.04.30"]
[Round "5"]
[White "chessisveryfun1264"]
[Black "schachlana"]
[Result "1-0"]
[WhiteElo "2626"]
[BlackElo "2375"]
[TimeControl "180+1"]
[EndTime "14:57:00 PDT"]
[Termination "chessisveryfun1264 won by resignation"]

1. Nf3 Nf6 2. g3 g6 3. Bg2 Bg7 4. d4 d6 5. O-O O-O 6. c4 Nc6 7. Nc3 e5 8. dxe5 dxe5 9. Bg5 Qxd1 10. Rfxd1 Be6 11. Bxf6 Bxf6 12. Nd5 Bxd5 13. cxd5 Nd4 14. Nxd4 exd4 15. Rac1 Rfe8 16. Rxc7 Rxe2 17. Rxb7 Rd8 18. Kf1 Rc2 19. Be4 d3 20. Rxd3 Rxb2 21. Rxa7 Rd6 22.
a4 Rb4 23. Bg2 Bd4 24. Ra8+ Kg7 25. Rd2 Bc3 26. Rc2 Rb3 27. Ke2 Rd7 28. Re8 Ra3 29. Re3 Bb4 30. Rxa3 Bxa3 31. Ra2 Bc5 32. a5 Ba7 33. a6 Rd6 34. Kd3 Kf6 35. f4 g5 36.
fxg5+ Kxg5 37. Ke4 Kf6 38. Bf1 Ke7 39. Rb2 f5+ 40.
Ke5 Rd7 41. Rb5 Bg1 42. h4 Bf2 43. Rb3 Ba7 44. Bb5 Bb8+ 45. Kd4 Rd6 46. Bc6 Ba7+ 47.
Ke5 Rd8 48. Rb7+ Kf8 49. Rxa7 1-0

[Event "Late-Titled-Tuesday-Blitz-April-30-2024"]
[Site "Chess.com"]
[Date "2024.04.30"]
[Round "5"]
[White "gtnamfrq"]
[Black "manmanlai1"]
[Result "0-1"]
[WhiteElo "2311"]
[BlackElo "2550"]
[TimeControl "180+1"]
[EndTime "14:57:01 PDT"]
[Termination "manmanlai1 won by resignation"]

1. e4 c5 2. Nf3 e6 3. d4 cxd4 4. Nxd4 Nc6 5. Nc3 Qc7 6. Be2 Nf6 7. O-O a6 8. Be3 b5 9. f4 b4 10. Na4 Bb7 11. Bf3 Nxd4 12. Qxd4 Bc6 13. Nb6 Rd8 14. e5 Ng8 15. Bxc6 Qxc6 16. Nc4 Nh6 17. Nd6+ Bxd6 18. exd6 Nf5 19. Qb6 Nxe3 20. Qxe3 Qxd6 21. Rad1 Qe7 22. f5 Rc8 23. Qg3 f6 24. Qd3 Rc6 25. Kh1 O-O 26. Qxd7 Qxd7 27. Rxd7 exf5 28. Rd2 Rfc8 29. Rff2 g6 30.
Kg1 h5 31. Kf1 Kg7 32. Ke1 h4 33. Kd1 a5 34. Rd7+ Kh6 35. Rd5 Rc5 36. Rd6 R8c6 37.
Rd8 Re5 38. b3 Rce6 39. Kc1 Re1+ 40. Kb2 R1e2 41. Rf4 Kg5 42. g3 hxg3 43. hxg3 Rg2 44. Rc4 Rxg3 45. Rc5 Re5 46. Rc7 f4 47. Rg8 f3 48.
Rcg7 Kf5 49. Rf8 g5 50. Rgf7 Re6 51. Rd7 f2 0-1

[Event "Late-Titled-Tuesday-Blitz-April-30-2024"]
[Site "Chess.com"]
[Date "2024.04.30"]
[Round "5"]
[White "miaou33"]
[Black "dealshark"]
[Result "1-0"]
[WhiteElo "2546"]
[BlackElo "2309"]
[TimeControl "180+1"]
[EndTime "14:57:01 PDT"]
[Termination "miaou33 won by checkmate"]

1. e4 c5 2. Nf3 e6 3. d4 cxd4 4. Nxd4 a6 5. Nc3 Qc7 6. Be2 Nf6 7. O-O b5 8. a3 Bb7 9. Qd3 Be7 10. Kh1 O-O 11.
f4 d6 12. Bf3 Nbd7 13. Nb3 Rfe8 14. Be3 Rad8 15. Rad1 Nc5 16. Bxc5 dxc5 17. Qe3 e5 18. fxe5 Qxe5 19. Rxd8 Rxd8 20. Rd1 Rxd1+ 21. Nxd1 h6 22. Nd2 c4 23. c3 Bc5 24. Qe2 Bd6 25. g3 Bc5 26. Kg2 Nd7 27. Ne3 Bxe3 28. Qxe3 Nc5 29. h4 f5 30. Qd4 Qxd4 31. cxd4 Nxe4 32. Bxe4 fxe4 33. Kf2 Kf7 34. Ke3 Ke6 35. Nb1 Kf5 36. Nc3 Kg4 37. d5 Kxg3 38. Nxe4+ Kxh4 39. d6 Bc6 40. Nc5 g5 41. d7 Bxd7 42. Nxd7 Kg3 43. Nf6 a5 44. a4 b4 45. Kd4 c3 46. bxc3 b3 47.
Kd3 h5 48. c4 h4 49. Ne4+ Kg4 50. c5 h3 51. c6 h2 52. Nf2+ Kf3 53. Nh1 g4 54. c7 g3 55. c8=Q g2 56. Qb7+ Kg4 57. Qxg2+ Kf5 58. Qxh2 Ke6 59. Qb2 Kd6 60. Qxb3 Kd7 61.
Qb5+ Ke7 62. Qxa5 Kf6 63. Qb5 Ke7 64. a5 Kd6 65. a6 Ke7 66. a7 Kf6 67. a8=Q Kg7 68.
Qab7+ Kf6 69. Q7c6+ Ke7 70. Qbb7+ Kf8 71. Qcc8# 1-0

[Event "Late-Titled-Tuesday-Blitz-April-30-2024"]
[Site "Chess.com"]
[Date "2024.04.30"]
[Round "5"]
[White "CDOEspiao"]
[Black "canary2016"]
[Result "1-0"]
[WhiteElo "2542"]
[BlackElo "2225"]
[TimeControl "180+1"]
[EndTime "14:57:02 PDT"]
[Termination "CDOEspiao won on time"]

1. Nf3 Nf6 2. g3 g6 3. Bg2 Bg7 4. O-O O-O 5. d3 d5 6. Nbd2 c6 7. e4 dxe4 8. dxe4 Bg4 9. h3 Bxf3 10. Qxf3 Nbd7 11. a4 Ne5 12. Qe2 Qc7 13. f4 Ned7 14.
Nc4 Nb6 15. Be3 Nxc4 16. Qxc4 Rfd8 17. Rad1 Rd7 18. e5 Nd5 19. Bf2 e6 20. Rd3 Rad8 21. Rfd1 Nb6 22. Rxd7 Rxd7 23. Rxd7 Qxd7 24. Qe4 Qd1+ 25.
Kh2 Qd5 26. b3 Qd2 27. Bg1 Bf8 28. h4 Ba3 29. h5 Bb2 30. h6 Bc3 31. Qe3 Qxe3 32. Bxe3 Bb4 33. Bd4 Bf8 34. a5 Nc8 35.
a6 bxa6 36. Bxc6 Bxh6 37. Bb7 Nb6 38. Bxa6 Bf8 39. c4 Nd7 40. Bxa7 Nc5 41. Bxc5 Bxc5 42. Bb5 Kf8 43. g4 Be3 44. Kg3 Ke7 45. Kf3 Bd2 46. c5 Kd8 47. Ke4 Kc7 48. Be8 f5+ 49. exf6 Bb4 50.
Kd4 e5+ 51. fxe5 1-0

[Event "Late-Titled-Tuesday-Blitz-April-30-2024"]
[Site "Chess.com"]
[Date "2024.04.30"]
[Round "5"]
[White "sansanathalia"]
[Black "th3d4rkness"]
[Result "1-0"]
[WhiteElo "2411"]
[BlackElo "2153"]
[TimeControl "180+1"]
[EndTime "14:57:05 PDT"]
[Termination "sansanathalia won on time"]

1. d4 Nf6 2. Nf3 g6 3. e3 Bg7 4.
Bd3 d6 5. O-O O-O 6. b3 b6 7.
Bb2 Bb7 8. Nbd2 c5 9. c4 Nbd7 10. Qc2 Re8 11. Rfe1 e5 12. dxe5 dxe5 13. e4 Nb8 14.
Bxe5 Nc6 15. Bc3 Nb4 16. Bxb4 cxb4 17. Rad1 Qc7 18. Nf1 Rad8 19. Ng3 h5 20. Qc1 Nd7 21. Bc2 Nc5 22. Rxd8 Rxd8 23. Rd1 Re8 24. Qe3 f5 25. e5 Ne6 26. Ne2 Rd8 27. Rxd8+ Qxd8 28. Nfd4 Nc5 29. f4 a5 30. Kf2 Qa8 31. Qg3 Kh7 32. Qg5 Be4 33.
Bd1 Bd3 34. Kg1 Qe4 35. Qg3 h4 36. Qxh4+ Kg8 37. Qf2 1-0

[Event "Late-Titled-Tuesday-Blitz-April-30-2024"]
[Site "Chess.com"]
[Date "2024.04.30"]
[Round "5"]
[White "vanyakuba"]
[Black "FMOlexandrProhorov"]
[Result "0-1"]
[WhiteElo "2400"]
[BlackElo "2260"]
[TimeControl "180+1"]
[EndTime "14:57:07 PDT"]
[Termination "FMOlexandrProhorov won by resignation"]

1. e4 d5 2. exd5 Nf6 3. c4 e6 4. d4 exd5 5. Nf3 Bb4+ 6. Nc3 O-O 7. Bd3 Re8+ 8. Be3 dxc4 9. Bxc4 Nc6 10. O-O Bg4 11. h3 Bh5 12. a3 Bd6 13. Bg5 h6 14. Be3 Qd7 15. Rc1 Rad8 16. b4 a6 17. Re1 Qf5 18.
Be2 Bf4 19. Nh4 Bxe2 20. Nxf5 Bxd1 21. Rcxd1 Bxe3 22. fxe3 Kh7 23. Ng3 Re7 24. d5 Ne5 25. Nf5 Red7 26. e4 Nc4 27. a4 g5 28. Rd4 Nd6 29. Ne3 Re8 30. Nc4 Nxc4 31. Rxc4 Kg7 32. e5 Nxd5 33. Nxd5 Rxd5 34. Rxc7 Rdxe5 35. Rxe5 Rxe5 36. Rxb7 Re4 37. Kf2 Kg6 38. Kf3 Rc4 39. Rb6+ Kf5 40. Rxh6 f6 41. b5 axb5 42. axb5 Rc3+ 43. Kf2 Rb3 44.
g4+ Ke5 45. Rh8 Rxb5 46. Rf8 Rb6 47. Kg3 Rb3+ 48. Kg2 Rd3 49. Kh2 Rd6 50. Kg2 Kf4 51.
Rxf6+ Rxf6 0-1

[Event "Late-Titled-Tuesday-Blitz-April-30-2024"]
[Site "Chess.com"]
[Date "2024.04.30"]
[Round "5"]
[White "HATilay"]
[Black "GMKrikor"]
[Result "0-1"]
[WhiteElo "2662"]
[BlackElo "2882"]
[TimeControl "180+1"]
[EndTime "14:57:11 PDT"]
[Termination "GMKrikor won by resignation"]

1. e4 c5 2. Nf3 Nc6 3. Bb5 Nf6 4. Nc3 Qc7 5. O-O Nd4 6. Re1 a6 7.
Bf1 Ng4 8. g3 Nxf3+ 9. Qxf3 Ne5 10. Qe2 e6 11. d3 Be7 12. Bg2 d6 13. f4 Nc6 14. Qf2 O-O 15. g4 b5 16. g5 f6 17.
gxf6 Bxf6 18. Be3 Bb7 19. Kh1 Bd4 20. Rg1 Rae8 21. Raf1 Bxe3 22. Qxe3 Nd4 23. Rf2 d5 24.
exd5 exd5 25. Qh3 Qd6 26. f5 b4 27. Nd1 Qe5 28. Rgf1 Bc8 29. Qg3 Bb7 30. Qxe5 Rxe5 31.
c3 bxc3 32. bxc3 Nb5 33. c4 Nd6 34. Nc3 dxc4 35. Bxb7 Nxb7 36. dxc4 Nd6 37. f6 g6 38. Nd5 Nxc4 39. Ne7+ Kf7 40. Rc2 Ne3 41. Rfc1 Nxc2 42. Rxc2 0-1